 Dungeon Crawl Stone Soup version 0.32-a0-607-g64ea0e4219 (webtiles) character file.

Game seed: 7955880668248511936

21063 ezpacito the Fighter (level 12, 0/99 HPs)
             Began as a Coglin Chaos Knight on Mar 4, 2024.
             Was a Plaything of Xom.
             Succumbed to an emperor scorpion's poison
             ... in an ice cave.
             The game lasted 00:20:58 (12722 turns).

ezpacito the Fighter (Coglin Chaos Knight)         Turns: 12722, Time: 00:20:59

Health: 0/99       AC: 15    Str: 20    XL:     12   Next: 86%
Magic:  20/20      EV: 11    Int: 16    God:    Xom [*.....]
Gold:   664        SH:  0    Dex:  9    Spells: 2/22 levels left

rFire   + + .        H - +6 spear of the Beginning {vamp, Fly rF+++ Str+3 Dex-4}
rCold   . . .        j - +2 spear of the Enfolding Traitor {elec, rElec rF- Stlth+}
rNeg    . . .        G - +3 scale mail {rPois}
rPois   +            z - +1 helmet {Int+3}
rElec   +            b - +0 cloak {Will+}
rCorr   .            o - +0 pair of gloves
SInv    .            (no boots)
Will    +....        (amulet unavailable)
Stlth   ++           (ring unavailable)
HPRegen 0.36/turn    (ring unavailable)
MPRegen 0.17/turn    (no gizmo)

%: no passive effects
@: lethally poisoned (0 -> -6), on berserk cooldown, flying, slowed, revving,
very slow
A: off-hand wielding, slow wielding, warmup strikes, no jewellery, camouflage 1,
screaming 1, evolution 1, subdued magic 1, inability to read after injury 1
a: Invent Gizmo, Renounce Religion


You were in an ice cave.
You worshipped Xom.
You were a special plaything of Xom.
You visited 2 branches of the dungeon, and saw 13 of its levels.
You also visited: Bailey and Ice Cave.

You collected 664 gold pieces.

Inventory:

Hand Weapons
 a - a +0 hand axe of chaos {Arammadara}
 f - the +5 hammer "Firaq" {venom, Int+5}
   (You found it on level 2 of the Dungeon)

   Int+5:     It affects your intelligence (+5).
 j - the +2 spear of the Enfolding Traitor (offhand) {elec, rElec rF- Stlth+}
   (You acquired it on level 2 of the Dungeon)

   rF-:       It makes you vulnerable to fire.
   rElec:     It insulates you from electricity.
   Stlth+:    It makes you more stealthy.
 m - a +5 hand axe
 y - a +0 broad axe
 H - the +6 spear of the Beginning (weapon) {vamp, Fly rF+++ Str+3 Dex-4}
   (You found it on level 10 of the Dungeon)

   Str+3:     It affects your strength (+3).
   Dex-4:     It affects your dexterity (-4).
   rF+++:     It renders you almost immune to fire.
   Fly:       It grants you flight.
Missiles
 d - 5 javelins
 p - a throwing net
 r - 10 boomerangs (quivered)
 s - 31 poisoned darts
Armour
 b - a +0 cloak of willpower (worn)
 o - a +0 pair of gloves (worn)
 x - a +0 plate armour
 z - a +1 helmet of intelligence (worn)
 G - a +3 scale mail of poison resistance (worn)
Magical Staves
 k - a staff of air
Talismans
 C - a blade talisman
Wands
 h - a wand of polymorph (9)
 u - a wand of flame (29)
 A - a wand of roots (9)
 D - a wand of digging (14)
 J - a wand of charming (4)
 K - a wand of mindburst (5)
Scrolls
 c - a scroll of butterflies
 i - 2 scrolls of identify
 t - 5 scrolls of teleportation
 w - a scroll of amnesia
 B - 2 scrolls of blinking
 E - 2 scrolls of fog
 F - a scroll of silence
Potions
 e - 4 potions of brilliance
 l - a potion of heal wounds
 q - 4 potions of curing
 v - a potion of attraction


   Skills:
 * Level 10.7 Fighting
 + Level 9.9(11.2) Axes
 - Level 0.1(5.6) Maces & Flails
 * Level 7.5(9.6) Polearms
 + Level 6.8 Armour
 + Level 6.4 Dodging
 + Level 5.7 Spellcasting
 - Level 8.0 Evocations


You had 2 spell levels left.
You knew the following spells:

 Your Spells              Type           Power      Damage    Failure   Level
a - Dimensional Bullseye  Hex/Tloc       1%         N/A       97%         4
b - Sigil of Binding      Hex            3%         N/A       67%         3
c - Call Canine Familiar  Summ           3%         N/A       67%         3
d - Summon Cactus Giant   Summ           1%         N/A       100%        6
e - Flame Wave            Conj/Fire      3%         2d5       97%         4

Your spell library contained the following spells:

 Spells                   Type           Power      Damage    Failure   Level
 Scorch                   Fire           6%         2d5       43%         2
 Vhi's Electric Charge    Tloc/Air       6%         N/A       97%         4
 Arcjolt                  Conj/Air       1%         1d11      100%        5
 Maxwell's Capacitive Co  Air            1%         ∞         100%        8


Dungeon Overview and Level Annotations

Branches:
Dungeon (12/15)            Temple (1/1) D:7            Lair (0/5) D:10
    Orc (0/2) D:10         Bailey (visited)           IceCv (1/1)

Altars:
Ashenzari
Cheibriados
Dithmenos
Elyvilon
Fedhas
Gozag
Hepliaklqana
Kikubaaqudgha
Makhleb
Nemelex Xobeh
Okawaru
Qazlal
Ru
Sif Muna
Trog
Uskayaw
Vehumet
Wu Jian
Xom
Yredelemnul
Zin
The Shining One

Shops:
D:10 [   D:12 [

Annotations:
D:9 3 runed translucent doors, BeKind's ghost, novice VSBe


Innate Abilities, Weirdness & Mutations

You can wield a second weapon in your off-hand.
It takes a long time for you to wield or remove held weapons.
Your first few attacks do less damage.
You cannot equip rings or amulets.
Your skin changes colour to match your surroundings (Stealth+).
You occasionally shout uncontrollably at your foes.
You have hidden genetic potential.
Your spells are a little easier to cast, but a little less powerful.
You occasionally lose the ability to read scrolls when taking damage.


Message History

* * * LOW HITPOINT WARNING * * *
The emperor scorpion claws you.
* * * LOW HITPOINT WARNING * * *
The emperor scorpion claws you but does no damage.
The death yak gores you!
* * * LOW HITPOINT WARNING * * *
You now have 12/148 hp.
You completely miss the death yak with the +6 spear of the Beginning.
The death yak is severely wounded.
You hit the death yak with the +2 spear of the Enfolding Traitor.
* * * LOW HITPOINT WARNING * * *
You feel sick.
You take 1 damage, and have 11/148 hp.
You puncture the death yak with the +6 spear of the Beginning!
The death yak is almost dead.
You hit the death yak with the +2 spear of the Enfolding Traitor.
Lightning courses through the death yak!
You kill the death yak!
* * * LOW HITPOINT WARNING * * *
You feel sick.
You take 2 damage, and have 9/148 hp.
* * * LOW HITPOINT WARNING * * *
You feel sick.
You take 2 damage, and have 7/148 hp.
You feel a strong urge to attack something.
* * * LOW HITPOINT WARNING * * *
You feel sick.
You take 2 damage, and have 5/148 hp.
* * * LOW HITPOINT WARNING * * *
You feel sick.
You take 1 damage, and have 4/148 hp.
You feel your anger nearly subside.
* * * LOW HITPOINT WARNING * * *
You feel sick.
You take 1 damage, and have 3/148 hp.
You are no longer berserk.
You are exhausted.
You feel yourself slow down.
You die...
Xom snickers!

* ** # * * # ## #### ###
##.. ###..######.. ....#
###..#...#..††# ..⌠..#
#..#####...#### #.....#
########..# ,####.#.#
#...##...##...#..#,,*##[#)
#.s.##.@.####### ,,*##.#
########## ** * ###


There were no monsters in sight!

Vanquished Creatures
  Fannar (D:11)
  A vault guard (Bailey)
  A death yak (IceCv)
  A sixfirhy (D:10)
  3 cyclopes
  2 manticores (D:11)
  An ugly thing (D:7)
  An unseen horror (D:12)
  An eye of devastation (D:9)
  A kobold demonologist (D:11)
  3 gargoyles
  4 trolls
  A blink frog (Bailey)
  Prince Ribbit (D:7)
  6 polar bears (IceCv)
  3 shadows
  A vampire (D:10)
  A wyvern (D:9)
  2 wraiths
  18 yaks
  6 humans (Bailey)
  A steam dragon (D:7)
  Menkaure (D:7)
  2 water moccasins
  9 orc warriors
  An ice beast (D:8)
  14 wolves (IceCv)
  An ogre (D:6)
  A centaur (D:8)
  2 kobold brigands
  6 bullfrogs
  5 scorpions
  8 wights
  19 killer bees
  7 howler monkeys
  4 hounds
  2 jellies
  A bombardier beetle (D:6)
  5 orc priests
  Crazy Yiuf (D:2)
  2 iguanas
  A sleepcap (D:4)
  9 orc wizards
  Natasha (thrice) (D:2)
  Terence (D:2)
  5 gnolls
  10 adders
  15 white imps
  2 dart slugs
  A ribbon worm (D:2)
  20 orcs
  4 ball pythons
  10 endoplasms
  12 giant cockroaches
  7 goblins
  5 hobgoblins
  14 kobolds
  A quokka (D:4)
  8 bats
  4 frilled lizards
  8 rats
291 creatures vanquished.

Vanquished Creatures (collateral kills)
  A vault guard (Bailey)
  Joseph (D:7)
  Maggie (D:8)
  2 humans (Bailey)
  A centaur (D:9)
  3 bullfrogs (Bailey)
  A shadow imp (D:7)
  An orc (Bailey)
  2 goblins (Bailey)
  A hobgoblin (Bailey)
14 creatures vanquished.

Vanquished Creatures (others)
  A dancing weapon (Bailey)
  A yak (D:9)
  An orc wizard (D:8)
  An adder zombie (D:2)
4 creatures vanquished.

Grand Total: 309 creatures vanquished

Notes
Turn   | Place    | Note
-------+----------+-------------------------------------------
     0 | D:1      | ezpacito the Coglin Chaos Knight began the quest for the
                  | Orb.
     0 | D:1      | Reached XP level 1. HP: 18/18 MP: 1/1
   114 | D:1      | XOM: silly message
   115 | D:1      | XOM: silly message
   133 | D:1      | Reached skill level 1 in Dodging
   163 | D:1      | Reached XP level 2. HP: 24/24 MP: 2/2
   555 | D:1      | Reached XP level 3. HP: 28/29 MP: 3/3
   614 | D:1      | XOM: divination: detect items
   657 | D:1      | XOM: divination: magic mapping
   755 | D:2      | Found a stormy altar of Qazlal.
   785 | D:2      | Noticed Terence
   797 | D:2      | Killed Terence
   798 | D:2      | Reached XP level 4. HP: 27/35 MP: 3/5
   804 | D:2      | Noticed Natasha
   812 | D:2      | Killed Natasha
   865 | D:2      | Reached skill level 1 in Polearms
   865 | D:2      | Reached skill level 1 in Spellcasting
   879 | D:2      | Noticed Natasha
   960 | D:2      | Killed Natasha
   961 | D:2      | Reached XP level 5. HP: 40/42 MP: 6/6
  1049 | D:2      | Found a runed translucent door.
  1050 | D:2      | Noticed Crazy Yiuf
  1134 | D:2      | XOM: cast spell 'Discord'
  1141 | D:2      | Killed Crazy Yiuf
  1186 | D:2      | Identified the +5 hammer "Firaq" {venom, Int+5}
  1445 | D:2      | Noticed Natasha
  1451 | D:2      | Killed Natasha
  1452 | D:2      | Reached skill level 4 in Fighting
  1534 | D:2      | XOM: silly message
  1776 | D:2      | XOM: cast spell 'Olgreb's Toxic Radiance'
  1887 | D:2      | Identified a scroll of acquirement
  1887 | D:2      | Acquired the +2 spear of the Enfolding Traitor {elec, rElec
                  | rF- Stlth+}
  1969 | D:3      | Found a broken altar of Ashenzari.
  1978 | D:3      | Found a blossoming altar of Fedhas.
  1999 | D:3      | XOM: noise
  2052 | D:3      | XOM: cloud trail
  2104 | D:3      | XOM: 3-stop teleportation journey
  2118 | D:3      | XOM: 9-stop teleportation journey
  2141 | D:3      | XOM: god gift: +2 barding of fire resistance
  2493 | D:3      | XOM: give mutation
  2493 | D:3      | Gained mutation: You expend magic power (3 MP) to
                  | strengthen your wands. [Xom's grace]
  2523 | D:3      | XOM: silly message
  2524 | D:3      | XOM: god gift: +1 helmet of intelligence
  2548 | D:4      | Reached XP level 6. HP: 46/48 MP: 6/8
  2704 | D:4      | XOM: give mutations
  2704 | D:4      | Gained mutation: You are partially covered in large bone
                  | plates. (SH +4) [Xom's grace]
  2704 | D:4      | Gained mutation: You passively dampen the noise of your
                  | surroundings. [Xom's grace]
  2704 | D:4      | Gained mutation: You are agile. (Dex +4, Str/Int -1) [Xom's
                  | grace]
  2704 | D:4      | Gained mutation: Your spells are a little harder to cast,
                  | but a little more powerful. [Xom's grace]
  2736 | D:4      | Reached skill level 1 in Evocations
  2867 | D:4      | XOM: give mutations
  2867 | D:4      | Gained mutation: Your flesh is cold resistant. (rC+) [Xom's
                  | grace]
  2867 | D:4      | Gained mutation: You are strong-willed. (Will+) [Xom's
                  | grace]
  2981 | D:4      | Found a glowing golden altar of the Shining One.
  3030 | D:4      | XOM: give mutation
  3030 | D:4      | Gained mutation: You have hidden genetic defects. [Xom's
                  | mischief]
  3145 | D:5      | Entered Level 5 of the Dungeon
  3155 | D:5      | Lost mutation: You have hidden genetic defects. [potion of
                  | mutation]
  3155 | D:5      | Lost mutation: Your flesh is cold resistant. (rC+) [potion
                  | of mutation]
  3155 | D:5      | Lost mutation: You expend magic power (3 MP) to strengthen
                  | your wands. [potion of mutation]
  3155 | D:5      | Gained mutation: You occasionally lose the ability to read
                  | scrolls when taking damage. [potion of mutation]
  3195 | D:5      | Reached XP level 7. HP: 55/55 MP: 9/9
  3229 | D:5      | XOM: 5-stop teleportation journey
  3256 | D:5      | XOM: silly message
  3328 | D:5      | Found a radiant altar of Vehumet.
  3331 | D:5      | XOM: smoke on damage
  3480 | D:5      | Reached skill level 5 in Fighting
  3877 | D:5      | XOM: give mutation
  3877 | D:5      | Lost mutation: You are agile. (Dex +4, Str/Int -1) [Xom's
                  | mischief]
  3898 | D:5      | Reached skill level 5 in Axes
  4073 | D:5      | Found a snail-covered altar of Cheibriados.
  4152 | D:5      | Reached XP level 8. HP: 48/62 MP: 11/11
  4282 | D:6      | Found a shimmering blue altar of Sif Muna.
  4288 | D:6      | XOM: silly message
  4351 | D:6      | Learned a level 3 spell: Call Canine Familiar
  4356 | D:6      | Learned a level 4 spell: Dimensional Bullseye
  4491 | D:6      | XOM: silly message
  4683 | D:6      | XOM: potion effect (might)
  4757 | D:6      | Noticed a shadow
  4760 | D:6      | Killed a shadow
  4816 | D:6      | Found a sacrificial altar of Ru.
  5012 | D:6      | Found a stormy altar of Qazlal.
  5022 | D:6      | XOM: give mutation
  5022 | D:6      | Lost mutation: You passively dampen the noise of your
                  | surroundings. [Xom's mischief]
  5162 | D:7      | Found an ornate altar of the Wu Jian Council.
  5247 | D:7      | Noticed Prince Ribbit
  5249 | D:7      | XOM: summons 4 friendly demons
  5262 | D:7      | Killed Prince Ribbit
  5263 | D:7      | Reached skill level 6 in Fighting
  5263 | D:7      | Reached XP level 9. HP: 54/69 MP: 13/13
  5280 | D:7      | Noticed Menkaure
  5285 | D:7      | Killed Menkaure
  5306 | D:7      | Noticed a cyan ugly thing
  5307 | D:7      | XOM: enchant monster (good)
  5312 | D:7      | Noticed Joseph
  5313 | D:7      | Killed Joseph
  5328 | D:7      | Killed a cyan ugly thing
  5351 | D:7      | Found a staircase to the Ecumenical Temple.
  5423 | D:7      | Found a flagged portal.
  5432 | Bailey   | Entered a bailey
  5460 | Bailey   | Reached skill level 7 in Fighting
  5461 | Bailey   | Reached skill level 5 in Evocations
  5629 | Bailey   | Reached XP level 10. HP: 61/79 MP: 15/15
  5646 | Bailey   | Noticed a vault guard
  5657 | Bailey   | Killed a vault guard
  5696 | Bailey   | Noticed a vault guard
  5707 | Bailey   | Killed a vault guard
  5708 | Bailey   | Reached skill level 5 in Armour
  5831 | Bailey   | Lost mutation: You are strong-willed. (Will+) [potion of
                  | mutation]
  5831 | Bailey   | Lost mutation: You are partially covered in large bone
                  | plates. (SH +4) [potion of mutation]
  5831 | Bailey   | Lost mutation: Your spells are a little harder to cast, but
                  | a little more powerful. [potion of mutation]
  5831 | Bailey   | Gained mutation: You occasionally shout uncontrollably at
                  | your foes. [potion of mutation]
  5831 | Bailey   | Gained mutation: Your skin changes colour to match your
                  | surroundings (Stealth+). [potion of mutation]
  5879 | Bailey   | XOM: enchant monster (good)
  5882 | Bailey   | Reached skill level 8 in Fighting
  5883 | Bailey   | XOM: smoke on damage
  6468 | Temple   | Entered the Ecumenical Temple
  6627 | D:7      | Found a sparkling altar of Nemelex Xobeh.
  6744 | D:8      | XOM: polymorph orc -> frilled lizard
  6856 | D:8      | Found a hide-covered altar of Uskayaw.
  6899 | D:8      | Noticed Maggie
  6901 | D:8      | XOM: summons 10 friendly demons
  6904 | D:8      | Killed Maggie
  7025 | D:8      | XOM: noise
  7028 | D:8      | Reached skill level 5 in Polearms
  7039 | D:8      | Reached XP level 11. HP: 73/87 MP: 17/17
  7331 | D:8      | XOM: confusion
  7334 | D:8      | XOM: enchant monster (bad)
  7340 | D:8      | Reached skill level 5 in Dodging
  7697 | D:9      | Found a runed translucent gate.
  7697 | D:9      | Found a runed translucent gate.
  7697 | D:9      | Found a runed translucent gate.
  7777 | D:9      | XOM: cleaving
  7781 | D:9      | XOM: summons 2 hostile demons
  7852 | D:9      | XOM: 2-stop teleportation journey
  8088 | D:9      | XOM: polymorph troll -> eye of devastation
  8450 | D:9      | XOM: destruction
  8458 | D:9      | Reached skill level 9 in Fighting
  8636 | D:9      | XOM: summons 11 friendly demons
  8670 | D:9      | Noticed BeKind's ghost (novice VSBe)
  8734 | D:9      | XOM: silly message
  8766 | D:9      | XOM: cast spell 'Cause Fear'
  8994 | D:9      | XOM: noise
  9080 | D:10     | Entered Level 10 of the Dungeon
  9084 | D:10     | XOM: draining
  9091 | D:10     | Found Polyl's Armour Emporium.
  9091 | D:10     | Found a staircase to the Orcish Mines.
  9094 | D:10     | XOM: polymorph orc -> bat
  9125 | D:10     | Identified the +6 spear of the Beginning {vamp, Fly rF+++
                  | Str+3 Dex-4}
  9265 | D:10     | Found a runed translucent door.
  9266 | D:10     | Found a burning altar of Makhleb.
  9266 | D:10     | Noticed a sixfirhy
  9271 | D:10     | XOM: confusion (+ monsters)
  9275 | D:10     | XOM: noise
  9283 | D:10     | Killed a sixfirhy
  9458 | D:10     | XOM: stat loss: -1 Dex (8/9)
  9520 | D:10     | XOM: silly message
  9577 | D:10     | Found a staircase to the Lair.
  9798 | D:10     | Noticed a two-headed ogre
  9811 | D:9      | a two-headed ogre changed into a troll
  9811 | D:9      | XOM: polymorph two-headed ogre -> troll
  9914 | D:9      | XOM: swap monsters
 10214 | D:10     | XOM: blink monster(s)
 10222 | D:10     | Reached skill level 5 in Spellcasting
 10437 | D:11     | Noticed a cyclops
 10458 | D:11     | Killed a cyclops
 10531 | D:11     | Noticed a manticore
 10545 | D:11     | Killed a manticore
 10546 | D:11     | Reached XP level 12. HP: 64/96 MP: 19/19
 10916 | D:11     | XOM: silly message
 11034 | D:11     | Noticed Fannar
 11046 | D:11     | Killed Fannar
 11693 | D:11     | Learned a level 3 spell: Sigil of Binding
 11700 | D:11     | Learned a level 6 spell: Summon Cactus Giant
 11705 | D:11     | Learned a level 4 spell: Flame Wave
 11806 | D:12     | XOM: swap monsters
 11812 | D:12     | Reached skill level 10 in Fighting
 11813 | D:12     | XOM: potion effect (might)
 11843 | D:12     | XOM: divination: detect creatures
 11847 | D:12     | Found Ceckeginio's Armour Shop.
 11883 | D:12     | Found a frozen archway.
 11891 | D:12     | XOM: potion effect (heal wounds)
 11939 | D:12     | XOM: 1-stop teleportation journey
 12084 | IceCv    | Entered an ice cave
 12267 | IceCv    | XOM: divination: magic mapping
 12467 | IceCv    | XOM: confuse monster(s)
 12605 | IceCv    | XOM: cast spell 'Iskenderun's Battlesphere'
 12608 | IceCv    | XOM: divination: magic mapping
 12695 | IceCv    | Noticed a death yak
 12696 | IceCv    | Noticed a death yak
 12699 | IceCv    | XOM: confuse monster(s)
 12704 | IceCv    | a death yak changed into a shapeshifter
 12704 | IceCv    | XOM: polymorph death yak -> shapeshifter
 12706 | IceCv    | a shapeshifter changed into an emperor scorpion
 12706 | IceCv    | Noticed an emperor scorpion (shapeshifter)
 12710 | IceCv    | XOM: give mutations
 12710 | IceCv    | Gained mutation: Your spells are a little easier to cast,
                  | but a little less powerful. [Xom's mischief]
 12710 | IceCv    | Gained mutation: You have hidden genetic potential. [Xom's
                  | mischief]
 12714 | IceCv    | XOM: swap monsters
 12717 | IceCv    | Killed a death yak
 12718 | IceCv    | HP: 7/148 [poisoned by an emperor scorpion]
 12721 | IceCv    | HP: 3/148 [poisoned by an emperor scorpion]
 12722 | IceCv    | Succumbed to an emperor scorpion's poison

Illustrated notes

Levels and vault maps discovered:
D:1:      evilmike_arrival_crescent, layout_basic
D:2:      minmay_roachtagon, layout_loops_ring, basic_altar,
          minmay_misc_feat_columns, kennysheep_nondescript, uniq_terence,
          uniq_natasha, uniq_crazy_yiuf_cottage
D:3:      layout_loops_ring, fedhas_altar_1, mainiacjoe_overflow_cross_hatched,
          minmay_misc_feat_plants, minmay_fountain_box, minmay_misc_feat_rows
D:4:      layout_cave_pools, kennysheep_mini_moat, minmay_large_rounded_square
D:5:      layout_basic, lemuel_crystal_altar, cheibriados_altar_1
D:6:      layout_rooms, nicolae_overflow_crystal_walls,
          mainiacjoe_overflow_alcove_4, nicolae_sif_muna_condensation,
          dreamdust_princess_corridor
D:7:      layout_loops_ring, mainiacjoe_overflow_catwalk,
          mainiacjoe_overflow_paths, minmay_temple_entry_glassed_door,
          enter_bailey_8, uniq_menkaure, uniq_prince_ribbit1, uniq_joseph
D:8:      layout_loops_ring, nicolae_uskayaw_murder_on_the_dancefloor,
          billiards_dpeg, uniq_maggie
D:9:      layout_long_grid, gammafunk_ghost_necromancy
D:10:     layout_loops_ring, nzn_makhleb_speed_demon, lair_entry_dummy,
          orc_david_3
D:11:     layout_grid_maze, grunt_ministairs_6, uniq_fannar
D:12:     layout_basic, portal_ice_cave_entry_imps, serial_shops,
          nicolae_diamond_shop
Temple:   eino_temple_lava
IceCv:    ice_cave_caverns_01

Skill      XL: |  1  2  3  4  5  6  7  8  9 10 11 12 |
---------------+-------------------------------------+-----
Dodging        | 1 2 3 4 5 6 |  6.4
Armour         | 2 3 4 5 6 |  6.8
Polearms       | 1 2 3 4 5 6 7 |  7.5
Spellcasting   | 1 2 3 4 5 |  5.7
Axes           | 4 5 6 7 8 9 |  9.9
Fighting       | 4 5 6 7 8 9 10 | 10.7
Evocations     | 1 2 3 5 6 7 8 |  8.0
Maces & Flails | |  0.1

Action                     |  1- 3 |  4- 6 |  7- 9 | 10-12 || total
---------------------------+-------+-------+-------+-------++-------
  Melee: Hand axe          |    67 |    56 |       |       ||   123
         Dagger            |    63 |    39 |       |       ||   102
         Mace              |       |    55 |   102 |   197 ||   354
         Spear             |       |    40 |   121 |   930 ||  1091
         Unarmed           |       |     4 |       |       ||     4
  Evoke: Wand              |       |       |       |    16 ||    16
    Use: Potion            |     2 |     6 |       |    11 ||    19
         Scroll            |       |     7 |     7 |     9 ||    23
   Stab: Sleeping          |     1 |       |     1 |     1 ||     3
         Distracted        |       |       |       |     2 ||     2
         Confused          |       |       |       |     2 ||     2
         Invisible         |       |       |       |     2 ||     2
 Armour: Leather armour    |    41 |     9 |       |       ||    50
         Skin              |       |     9 |       |       ||     9
         Scale mail        |       |    51 |    93 |   554 ||   698
  Dodge: Dodged            |    49 |    46 |    60 |   368 ||   523
  Block: Other             |       |     1 |    20 |     3 ||    24

Table legend: (Time is in decaauts)
 A = Elapsed time spent in this place.
 B = Non-inter-level travel time spent in this place.
 C = Inter-level travel time spent in this place.
 D = Time resting spent in this place.
 E = Time spent auto-exploring this place.
 F = Levels seen in this place.
 G = Mean time per level.
                   A        B        C        D        E       F      G
               +--------+--------+--------+--------+--------+-----+--------+
         Total |  12630 |  12228 |    402 |   1798 |   7884 |  15 |  842.0 |
       Dungeon |  11418 |  11017 |    401 |   1313 |   7514 |  12 |  951.5 |
        Temple |      1 |      1 |      0 |      0 |      0 |   1 |    1.0 |
        Bailey |    630 |    630 |      0 |    398 |     44 |   1 |  630.0 |
      Ice Cave |    578 |    578 |      0 |     87 |    326 |   1 |  578.0 |
               +--------+--------+--------+--------+--------+-----+--------+

Top non-repeatable levels by time:
     D:9: 1571 daAuts
    D:11: 1305 daAuts
     D:2: 1179 daAuts
    D:10: 1154 daAuts
     D:5: 1021 daAuts
     D:6: 978 daAuts
     D:8: 972 daAuts
     D:7: 945 daAuts
     D:1: 765 daAuts
  Bailey: 630 daAuts
     D:3: 613 daAuts
     D:4: 605 daAuts
   IceCv: 578 daAuts
    D:12: 306 daAuts
  Temple: 1 daAuts
